 Dungeon Crawl Stone Soup version 0.21.1-1-g345015f (webtiles) character file.

531 Kairos the Grasshopper (level 7, -1/56 HPs)
             Began as a Gnoll Warper on Apr 24, 2018.
             Was an Initiate of Gozag.
             Slain by an orc
             ... wielding a +0 club
              (3 damage)
             ... on level 4 of the Dungeon.
             The game lasted 00:08:22 (3945 turns).

Kairos the Grasshopper (Gnoll Warper)               Turns: 3945, Time: 00:08:23

Health: -1/56      AC:  3    Str: 16    XL:     7   Next: 24%
Magic:  15/15      EV: 14    Int: 15    God:    Gozag
Gold:   125        SH:  0    Dex: 14    Spells: 13/17 levels left

rFire    . . .     SeeInvis .   w - +0 hand axe (flame)
rCold    . . .     Gourm    .   (no shield)
rNeg     . . .     Faith    .   b - +0 leather armour
rPois    .         Spirit   .   (no helmet)
rElec    .         Reflect  .   (no cloak)
rCorr    .         Harm     .   (no gloves)
MR       .....                  (no boots)
Stlth    ++........             (no amulet)
HPRegen  0.18/turn              (no ring)
MPRegen  0.14/turn              (no ring)

@: hasted, very quick
A: distributed training, fangs 1, strong nose
a: Potion Petition, Call Merchant, Bribe Branch, Renounce Religion


You were on level 4 of the Dungeon.
You worshipped Gozag.
Gozag was aware of your devotion.
You were hungry.

You visited 1 branch of the dungeon, and saw 4 of its levels.

You collected 520 gold pieces.
You paid 395 gold pieces to Gozag.

Inventory:

Hand Weapons
 a - a +0 mace
 i - a +2 whip of electrocution
 q - a +1 hand axe of electrocution
 w - a +0 hand axe of flaming (weapon)
Missiles
 e - 5 tomahawks of dispersal (quivered)
 s - 6 tomahawks of returning
 v - 8 tomahawks
Armour
 b - a +0 leather armour (worn)
 p - a +0 shield
Scrolls
 d - 3 scrolls of blinking
 g - a scroll of remove curse {unknown}
 j - 9 scrolls of identify {unknown}
 l - a scroll of enchant armour {unknown}
 n - a scroll of teleportation {unknown}
 t - a scroll of fog {unknown}
 u - a scroll of amnesia {unknown}
 x - a scroll of noise {unknown}
Potions
 h - a potion of degeneration {unknown}
 k - 2 potions of haste
 o - 2 potions of invisibility {unknown}
 r - a potion of magic {unknown}
Books
 c - a book of Spatial Translocations

   Spells                             Type                      Level
   a - Blink                          Translocation                2
   b - Shroud of Golubria             Charms/Translocation         2
   c - Lesser Beckoning               Translocation                3
   d - Gell's Gravitas                Translocation                3
   e - Teleport Other                 Translocation                3
   f - Passage of Golubria            Translocation                4
Comestibles
 f - 5 rations


   Skills:
 + Level 5.1 Fighting
 + Level 2.3 Short Blades
 + Level 2.3 Long Blades
 + Level 2.3 Axes
 + Level 5.1 Maces & Flails
 + Level 2.3 Polearms
 + Level 2.3 Staves
 + Level 2.3 Slings
 + Level 2.3 Bows
 + Level 2.3 Crossbows
 + Level 3.5 Throwing
 + Level 3.5 Armour
 + Level 5.1 Dodging
 + Level 2.3 Stealth
 + Level 2.3 Shields
 + Level 2.3 Unarmed Combat
 + Level 5.5 Spellcasting
 + Level 1.9 Conjurations
 + Level 1.9 Hexes
 + Level 1.9 Charms
 + Level 1.9 Summonings
 + Level 1.9 Necromancy
 + Level 5.8 Translocations
 + Level 1.9 Transmutations
 + Level 1.9 Fire Magic
 + Level 1.9 Ice Magic
 + Level 1.9 Air Magic
 + Level 1.9 Earth Magic
 + Level 1.9 Poison Magic
 + Level 2.5 Invocations
 + Level 2.3 Evocations


You had 13 spell levels left.
You knew the following spells:

 Your Spells              Type           Power        Failure   Level  Hunger
a - Blink                 Tloc           N/A          2%          2    #......
b - Shroud of Golubria    Chrm/Tloc      ###.......   5%          2    #......


Dungeon Overview and Level Annotations

Branches:
Dungeon (4/15)
 Temple: D:4-7

Altars:
Gozag
Trog


Innate Abilities, Weirdness & Mutations

Your experience applies equally to all skills.
You have very sharp teeth.
Your uncanny sense of smell can sniff out nearby items.


Message History

* * * LOW HITPOINT WARNING * * *
You closely miss the orc.
The orc is moderately wounded.
The orc hits you with a club.
* * * LOW HITPOINT WARNING * * *
You closely miss the orc. You bite the orc, but do no damage.
The orc is moderately wounded.
You hit the orc. You burn the orc.
The orc is heavily wounded.
The orc closely misses you.
You hit the orc but do no damage.
The orc is heavily wounded.
The orc barely misses you.
You barely miss the orc.
The orc is heavily wounded.
You barely miss the orc.
The orc is heavily wounded.
The orc hits you with a club.
You die...
Your body crumbles into a pile of gold.

# # ∆# .# # ..
#.#. ..#.#.#
..... #.$## #[
a###.$@#+#####
#.##
......o...?...#
...
#.####........#
... #........#
# #........# #
###........# #
#..........# #
#..........+ #
$ #..........#
#


You could see an orc.

Vanquished Creatures
  A phantom (D:4)
  2 bullfrog skeletons
  An orc priest (D:3)
  2 hounds (D:4)
  An orc wizard (D:3)
  2 iguanas (D:4)
  A worker ant (D:4)
  4 gnolls (D:2)
  4 adders
  4 oozes (D:1)
  2 worms
  5 leopard geckos
  5 orcs
  2 ball pythons
  9 giant cockroaches
  7 goblins
  4 hobgoblins
  12 jackals
  4 kobolds
  2 quokkas
  8 bats
  5 frilled lizards
  7 rats
94 creatures vanquished.

Notes
Turn   | Place    | Note
-------+----------+-------------------------------------------
     0 | D:1      | Kairos the Gnoll Warper began the quest for the Orb.
     0 | D:1      | Reached XP level 1. HP: 20/20 MP: 6/6
    39 | D:1      | Reached XP level 2. HP: 23/26 MP: 7/7
   268 | D:1      | Learned a level 2 spell: Blink
   271 | D:1      | Learned a level 2 spell: Shroud of Golubria
   360 | D:1      | Reached skill level 5 in Spellcasting
   360 | D:1      | Reached XP level 3. HP: 28/31 MP: 7/9
   772 | D:1      | Reached skill level 1 in Invocations
   977 | D:2      | Reached skill level 1 in Short Blades
   977 | D:2      | Reached skill level 1 in Long Blades
   977 | D:2      | Reached skill level 1 in Axes
   977 | D:2      | Reached skill level 1 in Polearms
   977 | D:2      | Reached skill level 1 in Staves
   977 | D:2      | Reached skill level 1 in Slings
   977 | D:2      | Reached skill level 1 in Bows
   977 | D:2      | Reached skill level 1 in Crossbows
   977 | D:2      | Reached skill level 1 in Stealth
   977 | D:2      | Reached skill level 1 in Shields
   977 | D:2      | Reached skill level 1 in Unarmed Combat
   977 | D:2      | Reached skill level 1 in Evocations
  1021 | D:2      | Reached XP level 4. HP: 33/38 MP: 11/11
  1282 | D:2      | Reached skill level 1 in Conjurations
  1282 | D:2      | Reached skill level 1 in Hexes
  1282 | D:2      | Reached skill level 1 in Charms
  1282 | D:2      | Reached skill level 1 in Summonings
  1282 | D:2      | Reached skill level 1 in Necromancy
  1282 | D:2      | Reached skill level 1 in Transmutations
  1282 | D:2      | Reached skill level 1 in Fire Magic
  1282 | D:2      | Reached skill level 1 in Ice Magic
  1282 | D:2      | Reached skill level 1 in Air Magic
  1282 | D:2      | Reached skill level 1 in Earth Magic
  1282 | D:2      | Reached skill level 1 in Poison Magic
  1293 | D:2      | Found a bloodstained altar of Trog.
  1323 | D:2      | Reached XP level 5. HP: 18/43 MP: 12/12
  1668 | D:2      | Found an opulent altar of Gozag.
  1694 | D:2      | Became a worshipper of Gozag Ym Sagoz the Greedy
  2243 | D:3      | Reached XP level 6. HP: 15/50 MP: 13/13
  2631 | D:3      | Found a faded altar of an unknown god.
  2775 | D:4      | Reached skill level 5 in Fighting
  2775 | D:4      | Reached skill level 5 in Maces & Flails
  2775 | D:4      | Reached skill level 5 in Dodging
  3443 | D:4      | Noticed a phantom
  3857 | D:4      | Killed a phantom
  3857 | D:4      | Reached XP level 7. HP: 31/56 MP: 15/15
  3931 | D:4      | HP: 2/56 [worker ant (4)]
  3936 | D:4      | HP: 2/56 [orc/club (2)]
  3945 | D:4      | Slain by an orc

Skill      XL: |  1  2  3  4  5  6 |
---------------+-------------------+-----
Spellcasting   | 5 |  5.5
Invocations    | 1 2 |  2.5
Short Blades   | 1 2 |  2.3
Long Blades    | 1 2 |  2.3
Axes           | 1 2 |  2.3
Polearms       | 1 2 |  2.3
Staves         | 1 2 |  2.3
Slings         | 1 2 |  2.3
Bows           | 1 2 |  2.3
Crossbows      | 1 2 |  2.3
Stealth        | 1 2 |  2.3
Shields        | 1 2 |  2.3
Unarmed Combat | 1 2 |  2.3
Evocations     | 1 2 |  2.3
Conjurations   | 1 |  1.9
Hexes          | 1 |  1.9
Charms         | 1 |  1.9
Summonings     | 1 |  1.9
Necromancy     | 1 |  1.9
Transmutations | 1 |  1.9
Fire Magic     | 1 |  1.9
Ice Magic      | 1 |  1.9
Air Magic      | 1 |  1.9
Earth Magic    | 1 |  1.9
Poison Magic   | 1 |  1.9
Throwing       | 3 |  3.5
Armour         | 3 |  3.5
Fighting       | 5 |  5.1
Maces & Flails | 5 |  5.1
Dodging        | 5 |  5.1
Translocations | |  5.8

Action                   |  1- 3 |  4- 6 |  7- 9 || total
-------------------------+-------+-------+-------++-------
Melee: Mace              |    41 |       |       ||    41
       Bite              |     1 |    12 |     3 ||    16
       Whip              |    19 |    41 |       ||    60
       Hand axe          |       |   136 |    24 ||   160
       Punch             |       |     2 |       ||     2
 Cast: Blink             |     1 |       |       ||     1
Invok: Potion Petition   |       |     2 |       ||     2
  Use: Potion            |       |       |     3 ||     3
 Stab: Sleeping          |     2 |     3 |       ||     5
       Invisible         |       |     2 |       ||     2
       Distracted        |       |     1 |       ||     1
  Eat: Ration            |       |     2 |       ||     2
       Chunk             |       |     2 |       ||     2
Armor: Leather armour    |     6 |    24 |     1 ||    31
Dodge: Dodged            |    36 |   139 |    31 ||   206
